 Dungeon Crawl Stone Soup version 0.16-a0-148-g3b84123 (webtiles) character file.

516 Ratboiler the Skirmisher (level 7, -10/35 HPs)
             Began as a Gargoyle Berserker on Aug 15, 2014.
             Was a Priest of Trog.
             Mangled by a small abomination (17 damage)
             ... on Level 1 of the Abyss.
             The game lasted 00:11:44 (4121 turns).

Ratboiler the Skirmisher (Gargoyle Berserker)       Turns: 4121, Time: 00:11:44

HP -10/35        AC 10     Str 18      XL: 7   Next: 20%
MP   7/7         EV 12     Int  6      God: Trog [***...]
Gold 390         SH  0     Dex 11      Spells:  0 memorised,  6 levels left

rFire  + + +     SeeInvis .     a - +0 hand axe
rCold  . . .     Rnd*Rage +     k - +1 leather armour {rF+}
rNeg   + . .     rCorr    .     (no shield)
rPois  +         rRot     +     (no helmet)
rElec  +         Spirit   .     x - +0 cloak
SustAb .         Warding  .     (no gloves)
rMut   .         Stasis   .     d - +0 pair of boots
Gourm  .                        (no amulet)
MR     .....                    u - ring of protection from fire
                                t - ring of protection from fire

@: not resistant to hostile enchantments, very unstealthy
A: berserk 1, blurry vision 1, deformed body, dopey 1, frail 2, negative energy
resistance 1, electricity resistance, weak 1, unbreathing, petrification
resistance, no device heal 1, rot immunity, AC +4
a: Burn Spellbooks, Berserk, Trog's Hand, Renounce Religion


You were on level 1 of the Abyss.
You worshipped Trog.
Trog was most pleased with you.
You were not hungry.

You visited 1 branch of the dungeon, and saw 5 of its levels.
You visited the Abyss 1 time.

You collected 390 gold pieces.

Inventory:

Hand weapons
 a - a +0 hand axe (weapon)
Missiles
 A - 14 poisoned needles
 B - 8 curare-tipped needles
Armour
 b - a +0 animal skin
 d - a +0 pair of boots (worn)
 k - a +1 leather armour of fire resistance (worn)
 x - a +0 cloak (worn)
 y - a +0 buckler
Comestibles
 c - a bread ration
 w - 2 fruits
 C - a beef jerky
Scrolls
 e - 2 scrolls of fog {unknown}
 j - 2 scrolls of recharging {unknown}
 m - 2 scrolls of identify {unknown}
 n - 3 scrolls of noise {unknown}
 o - 3 scrolls of remove curse {unknown}
 q - a scroll of enchant armour {unknown}
 s - a scroll of magic mapping {unknown}
 v - 2 scrolls of teleportation {unknown}
Jewellery
 t - a ring of protection from fire (left hand)
 u - a ring of protection from fire (right hand)
Potions
 f - 2 potions of haste {unknown}
 g - 2 potions of curing {unknown}
 h - 2 potions of heal wounds {unknown}
 i - a potion of might {unknown}
 l - 3 potions of magic {unknown}
 p - 2 potions of confusion {unknown}
 r - 2 potions of restore abilities {unknown}
 z - a potion of flight {unknown}


   Skills:
 + Level 5.0 Fighting
 * Level 4.9 Axes
 + Level 4.1 Armour
 + Level 3.1 Dodging


You had 6 spell levels left.
You didn't know any spells.

Dungeon Overview and Level Annotations

Branches:
Dungeon (5/15)
 Temple: D:4-7

Altars:
Dithmenos
Fedhas
Gozag
Nemelex Xobeh
Okawaru
Zin

Annotations:
D:5 Rationalist's ghost, experienced CeHu


Innate Abilities, Weirdness & Mutations

You are resistant to torment.
You are immune to poison.
Your stone body is very resilient (AC +4).
You resist negative energy.
You are resistant to electric shocks.
You can survive without breathing.
You are immune to petrification.
You are immune to rotting.
[You tend to lose your temper in combat.]
[Your vision is a little blurry.]
[Armour fits poorly on your strangely shaped body.]
[You are dopey. (Int -2)]
[You are very frail (-20% HP).]
[You are weak. (Str -2)]
[Potions and wands are less effective at restoring your health.]


Message History

You feel frail. x2
The wretched star pulses with an eldritch light!
You feel stupid.
Your system partially rejects artificial healing.
You feel a little pissed off.
You feel weaker.
Unknown command.
The wretched star glows turbulently.
The orb of energy hits you!
The orb of energy explodes!
The wretched star glows turbulently.
The orb of energy hits you!
Ouch! That really hurt!
* * * LOW HITPOINT WARNING * * *
A small abomination comes into view.
The wretched star glows turbulently.
The orb of energy misses you.
The orb of energy hits the small abomination.
The wretched star pulses with an eldritch light!
Your vision blurs.
Your body twists and deforms.
The small abomination hits you!
You die...

##...#..#..#.#.#
# # # #
#...####..#.
##.. #. ....#
##.##...# .
###.## ##*....##
# . #.#
#F####..# . ..#
#.# .# ...
#.##.# ... #.#.#
... #.@# #x.#
#.## .#. .# . .#
. ## .. #


You could see a wretched star, a blink frog and a small abomination.

Vanquished Creatures
  The ghost of tabulaattori the Firebug, an average DEFE (D:4)
  The ghost of Rationalist the Bolt Thrower, a weakling CeHu (D:3)
  2 scorpions
  Crazy Yiuf (D:3)
  An orc wizard (D:4)
  A worker ant (D:4)
  Ijyb (D:3)
  8 adders
  5 worms
  3 giant geckos
  5 orcs
  6 goblins
  4 hobgoblins
  6 jackals (D:3)
  8 kobolds
  7 bats
  3 giant cockroaches
  2 giant newts
  A kobold skeleton (D:4)
  11 rats
77 creatures vanquished.

Notes
Turn   | Place    | Note
--------------------------------------------------------------
     0 | D:1      | Ratboiler, the Gargoyle Berserker, began the quest for the Orb.
     0 | D:1      | Reached XP level 1. HP: 14/14 MP: 1/1
   188 | D:1      | Reached XP level 2. HP: 17/19 MP: 2/2
   767 | D:2      | Reached XP level 3. HP: 23/23 MP: 3/3
   773 | D:2      | Acquired Trog's second power
  1480 | D:2      | Reached XP level 4. HP: 25/29 MP: 4/4
  1490 | D:2      | Reached skill level 4 in Fighting
  1731 | D:3      | Found an iron altar of Okawaru.
  1733 | D:3      | Noticed Rationalist's ghost (weakling CeHu)
  1754 | D:3      | Killed Rationalist's ghost
  1754 | D:3      | Reached XP level 5. HP: 10/33 MP: 5/5
  1944 | D:3      | Noticed Ijyb
  1959 | D:3      | Killed Ijyb
  2305 | D:3      | Noticed Crazy Yiuf
  2312 | D:3      | Killed Crazy Yiuf
  2312 | D:3      | Reached XP level 6. HP: 39/39 MP: 6/6
  3175 | D:4      | Noticed tabulaattori's ghost (average DEFE)
  3199 | D:4      | Killed tabulaattori's ghost
  3446 | D:4      | Reached XP level 7. HP: 23/44 MP: 7/7
  3612 | D:5      | Entered Level 5 of the Dungeon
  3612 | D:5      | Noticed Rationalist's ghost (experienced CeHu)
  3824 | D:5      | Reached skill level 5 in Fighting
  3867 | D:5      | Found a sparkling altar of Nemelex Xobeh.
  3873 | D:5      | Found an opulent altar of Gozag.
  3874 | D:5      | Found a glowing silver altar of Zin.
  3878 | D:5      | Found a blossoming altar of Fedhas.
  3910 | D:5      | Found a shadowy altar of Dithmenos.
  4024 | D:5      | Cast into the Abyss (Rationalist's ghost)
  4080 | Abyss:1  | Noticed an orange demon
  4098 | Abyss:1  | Noticed a blink frog
  4099 | Abyss:1  | Noticed a blink frog
  4104 | Abyss:1  | Noticed a wretched star
  4121 | Abyss:1  | Mangled by a small abomination

Action                   |  1- 3 |  4- 6 |  7- 9 || total
-------------------------+-------+-------+-------++-------
Melee: Hand axe          |   138 |   334 |    29 ||   501
Invok: Berserk           |     1 |     2 |     3 ||     6
  Eat: Chunk             |     1 |     9 |     2 ||    12
       Beef jerky        |     1 |       |       ||     1
       Fruit             |       |       |     2 ||     2
       Bread ration      |       |       |     1 ||     1
